 Dungeon Crawl Stone Soup version 0.17-a0-1830-g81820eb (webtiles) character file.

179814 LordVetinari the Peltast (level 17, -69/166 HPs)
             Began as a Minotaur Fighter on Sept 14, 2015.
             Was the Champion of the Shining One.
             Annihilated by a titanic slime creature (97 damage)
             ... on level 4 of the Pits of Slime.
             The game lasted 02:20:05 (34075 turns).

LordVetinari the Peltast (Minotaur Fighter)        Turns: 34075, Time: 02:20:05

Health: -69/166    AC: 23    Str: 32    XL:     17   Next: 62%
Magic:  1/20       EV: 15    Int:  7    God:    the Shining One [******]
Gold:   1399       SH: 20    Dex: 17    Spells: 4 memorised, 0 levels left

rFire  + + .     SeeInvis .     A - +10 long sword of the Tiger {speed, MR+}
rCold  + + .     Clarity  .     v - +4 storm dragon armour of the Komodo Dragon {rElec Str+4 Int+2 Dex+2 Stlth-}
rNeg   + + +     SustAt   .     m - +3 shield {reflect}
rPois  +         Gourm    .     (helmet restricted)
rElec  +         Spirit   .     (no cloak)
rCorr  .         Warding  +     N - +0 pair of gloves of Gozag's Envy {rF+ rC+ Dex+3}
rMut   .         Rnd*Tele +     (no boots)
MR     ++...                    M - amulet of warding
Stlth  ..........               y - ring of Light {rF+ Stlth+}
                                E - ring of poison resistance

@: glowing, studying Slings, very resistant to hostile enchantments, extremely
unstealthy
A: retaliatory headbutt, horns 2, icy blue scales 1, agile 1, cold resistance 1,
spit poison 1, teleportitis 1, MP-powered wands
a: Spit Poison, Divine Shield, Cleansing Flame, Summon Divine Warrior, Renounce
Religion


You were on level 4 of the Pits of Slime.
You worshipped the Shining One.
The Shining One was exalted by your worship.
You were not hungry.

You visited 6 branches of the dungeon, and saw 36 of its levels.
You also visited: Bailey.

You collected 3840 gold pieces.
You spent 2441 gold pieces at shops.

Inventory:

Hand weapons
 d - a +7 eudemon blade of holy wrath
 A - the +10 long sword of the Tiger (weapon) {speed, MR+}
   (You found it on level 7 of the Dungeon)

   Attacks with this weapon are significantly faster.
   It affects your resistance to hostile enchantments.
Armour
 e - a +0 large shield
 m - a +3 shield of reflection (worn)
 v - the +4 storm dragon armour of the Komodo Dragon (worn) {rElec Str+4 Int+2 Dex+2 Stlth-}
   (You bought it in a shop on level 2 of the Orcish Mines)

   It affects your strength (+4).
   It affects your intelligence (+2).
   It affects your dexterity (+2).
   It insulates you from electricity.
   It makes you less stealthy.
 C - a +2 cloak
 N - the +0 pair of gloves of Gozag's Envy (worn) {rF+ rC+ Dex+3}
   (You found it on level 2 of the Lair of Beasts)

   It affects your dexterity (+3).
   It protects you from fire.
   It protects you from cold.
 V - a +10 plate armour of ponderousness
Jewellery
 b - an uncursed ring of protection from cold
 s - an uncursed ring of protection from fire
 y - the ring of Light (right hand) {rF+ Stlth+}
   (You took it off a deep elf priest on level 3 of the Elven Halls)

   [ring of stealth]

   It protects you from fire.
   It makes you more stealthy.
 E - a ring of poison resistance (left hand)
 M - an amulet of warding (around neck)
 X - an uncursed ring of sustain attributes
Magical devices
 c - a wand of digging (6)
 r - a wand of fire (8)
 D - a wand of disintegration (5)
 Q - a wand of heal wounds (5)
Scrolls
 g - 2 scrolls of remove curse
 j - 13 scrolls of identify
 k - 2 scrolls of magic mapping
 t - 2 scrolls of fear
 x - a scroll of enchant weapon
 z - a scroll of recharging
 G - 5 scrolls of blinking
 W - a scroll of brand weapon {unknown}
Potions
 a - 4 potions of agility
 h - a potion of magic
 o - 3 potions of might
 p - a potion of berserk rage {unknown}
 u - 3 potions of flight
 w - a potion of cure mutation {unknown}
 F - 2 potions of haste
 I - 5 potions of curing
 P - 2 potions of resistance
Books
 i - a book of Beasts

   Spells                             Type                      Level
   a - Summon Butterflies             Summoning                    1
   b - Call Canine Familiar           Summoning                    3
   c - Summon Ice Beast               Ice/Summoning                4
   d - Summon Mana Viper              Hexes/Summoning              5
   e - Summon Hydra                   Summoning                    7
 n - a manual of Slings
Miscellaneous
 q - a fan of gales
 K - a phial of floods
 O - a crystal ball of energy
 U - a plain deck of escape
Comestibles
 f - 7 meat rations
 B - 4 royal jellies
 J - 6 beef jerkies
 L - 35 fruits
 T - 5 slices of pizza


   Skills:
 * Level 18.7 Fighting
 + Level 17.7 Long Blades
 * Level 14.1 Armour
 + Level 9.3 Dodging
 * Level 18.8 Shields
 - Level 2.8 Spellcasting
 * Level 1.7 Summonings
 * Level 4.5 Translocations
 - Level 3.6 Evocations


You couldn't memorise any spells.
You knew the following spells:

 Your Spells              Type           Power        Failure   Level  Hunger
a - Controlled Blink      Tloc           N/A          100%        7    #######
b - Apportation           Tloc           #.........   21%         1    ##.....
c - Invisibility          Hex            #.......     100%        6    #######
d - Summon Hydra          Summ           #.........   100%        7    #######


Dungeon Overview and Level Annotations

Branches:
Dungeon (15/15)            Temple (0/1) D:5            Lair (8/8) D:9
 Shoals (0/4) Lair:4        Snake (1/4) Lair:3        Slime (5/6) Lair:8
    Orc (4/4) D:11            Elf (3/3) Orc:3        Vaults (0/5) D:14
 Depths: D:15

Altars:
Dithmenos
Elyvilon
Fedhas
Gozag
Nemelex Xobeh
Qazlal
Ru
Sif Muna
Trog
Vehumet
Xom
Yredelemnul
The Shining One
Jiyva

Shops:
D:8 **   D:10 !   D:13 =   D:15 [**[   Orc:2 ?=*[   Orc:3 }   Orc:4 *?%!
Elf:1 =   Elf:3 ![


Innate Abilities, Weirdness & Mutations

You reflexively headbutt those who attack you in melee.
You have a pair of horns on your head.
You are partially covered in icy blue scales (AC +1).
You are agile. (Dex +2)
Your flesh is cold resistant.
You can spit weak poison.
You are occasionally teleported to nearby monsters.
You expend magic power (3 MP) to strengthen your wands.


Message History

The shining eye is almost dead.
You hit the shining eye but do no damage.
You headbutt the shining eye.
You kill the shining eye!
You block the very large slime creature's attack.
You block the titanic slime creature's attack.
An enormous slime creature splits.
You slice the titanic slime creature!!
The titanic slime creature is lightly wounded.
You slice the titanic slime creature!!
The titanic slime creature is moderately wounded.
The very large slime creature hits you! The titanic slime creature hits you!!!
* * * LOW HITPOINT WARNING * * *
A large slime creature splits. x2
Drink which item? (? for menu, Esc to quit)
You feel much better. The very large slime creature hits you.
* * * LOW HITPOINT WARNING * * *
The titanic slime creature hits you!!!!
Ouch! That really hurt!
You die...

##.........#
#....#....###
##.#......#.##
##..........# ###
#...#...##.###..##
##.#.#....#...#....#
#.................#
##.#........J....## ## ##
####.##..J@J.....##.##.##
######...JJJ.#..#.......#
##.. #.....#.........#
#.... ##.............##
##...##.............##
#...................##
#...................#
##......#..........##
##....####........###


You could see a titanic slime creature, a very large slime creature and 4 slime
creatures.

Vanquished Creatures
  Rupert (Lair:3)
  Asterion (Elf:2)
  3 deep elf blademasters
  A deep elf master archer (Elf:3)
  An acid blob (Slime:4)
  Kirke (D:13)
  An azure jelly (Lair:8)
  Donald (Elf:1)
  Maud (Lair:7)
  6 deep elf sorcerers (Elf:3)
  An orc warlord (Bailey)
  3 deep elf demonologists
  7 deep elf annihilators
  3 deep elf death magi (Elf:3)
  Josephine (Lair:7)
  4 vault guards (D:14)
  3 hydras
  An ice dragon (D:10)
  3 deep elf high priests (Elf:3)
  A naga warrior (Snake:1)
  A centaur warrior (D:14)
  12 dancing weapons (Elf:2)
  2 anacondas (Snake:1)
  7 death yaks
  3 orc high priests (Orc:4)
  Urug (Orc:1)
  A tengu warrior (D:15)
  2 naga sharpshooters (Snake:1)
  Nergalle (Orc:2)
  A shock serpent (Snake:1)
  A small abomination (Elf:3)
  3 skeletal warriors (D:15)
  2 unseen horrors
  A naga ritualist (Snake:1)
  17 deep elf knights
  16 deep elf summoners
  6 hill giants
  10 orc knights
  3 mana vipers (Snake:1)
  2 shining eyes (Slime:4)
  5 orc sorcerers
  A wolf spider (D:14)
  17 deep elf conjurers
  A manticore (D:14)
  7 ugly things
  2 salamanders (Snake:1)
  A centaur zombie (D:14)
  16 elephants
  A siren (Lair:4)
  A naga mage (Snake:1)
  2 molten gargoyles (Lair:3)
  14 black mambas
  Psyche (D:8)
  2 torpor snails
  An eye of devastation (Slime:2)
  11 spiny frogs
  A fire drake (Lair:8)
  A kobold demonologist (D:14)
  A freezing wraith (D:15)
  10 komodo dragons
  11 deep elf priests
  6 trolls
  A wind drake (shapeshifter) (Elf:2)
  9 polar bears (Lair:8)
  2 two-headed ogres
  19 slime creatures
  A slime creature (shapeshifter) (Elf:1)
  A boulder beetle (Lair:7)
  A trapdoor spider (D:14)
  10 blink frogs
  3 redbacks (Lair:8)
  A vampire (D:13)
  A human (D:10)
  4 wyverns
  14 spriggans (Lair:8)
  2 shadows (D:13)
  A steam dragon (D:10)
  28 deep elf fighters
  8 wraiths
  35 yaks
  6 basilisks
  8 hippogriffs
  25 deep elf magi
  4 vampire mosquitoes (D:14)
  A mottled dragon (D:14)
  4 hogs
  Menkaure (D:4)
  2 wargs
  18 wolves (Lair:8)
  13 nagas
  10 water moccasins
  3 ice beasts
  2 black bears
  30 orc warriors
  2 eyes of draining
  A phantom (D:8)
  An ice beast (shapeshifter) (Elf:2)
  15 porcupines
  5 wasps
  8 ogres
  7 centaurs
  18 crocodiles
  A big kobold (D:13)
  19 giant frogs
  3 wyvern zombies
  3 scorpions
  2 wyvern skeletons
  5 wights (D:12)
  14 killer bees
  6 crimson imps
  5 lava snakes (Lair:3)
  3 electric eels
  A giant frog zombie (D:5)
  7 hounds
  4 jellies
  A quasit (D:13)
  13 orc priests
  3 centaur skeletons
  A giant frog skeleton (D:10)
  28 orc wizards
  8 iguanas
  24 sheep
  9 worker ants
  A hound zombie (D:5)
  2 hound skeletons (D:9)
  8 gnolls (Bailey)
  13 adders
  46 river rats
  A shadow imp (D:5)
  2 oozes
  3 adder skeletons
  3 worms
  3 giant geckos
  186 orcs
  2 ball pythons
  5 giant cockroaches
  29 goblins
  20 hobgoblins
  15 jackals
  11 kobolds
  4 quokkas
  6 bats
  A giant cockroach zombie (D:5)
  A giant gecko skeleton (D:9)
  2 giant gecko zombies
  7 giant newts
  A jackal skeleton (D:4)
  A quokka skeleton (D:5)
  13 rats
  2 crawling corpses (Elf:1)
  A fungus (Lair:5)
1123 creatures vanquished.

Vanquished Creatures (others)
  A deep elf master archer (Elf:3)
  A deep elf high priest (Elf:3)
  A deep elf priest (Elf:2)
  A deep elf mage (Elf:2)
  5 orcs
  2 fungi (Lair:8)
  13 plants
24 creatures vanquished.

Grand Total: 1147 creatures vanquished

Notes
Turn   | Place    | Note
--------------------------------------------------------------
     0 | D:1      | LordVetinari the Minotaur Fighter began the quest for the Orb.
     0 | D:1      | Reached XP level 1. HP: 19/19 MP: 0/0
   169 | D:1      | Reached XP level 2. HP: 25/27 MP: 1/1
   445 | D:1      | Reached skill level 4 in Long Blades
   546 | D:2      | Reached XP level 3. HP: 33/33 MP: 2/2
   703 | D:2      | Found a white marble altar of Elyvilon.
   734 | D:2      | Found a shadowy altar of Dithmenos.
   956 | D:2      | Found a sacrificial altar of Ru.
  1030 | D:3      | Reached XP level 4. HP: 37/40 MP: 3/3
  1054 | D:3      | Found a radiant altar of Vehumet.
  1322 | D:3      | Reached skill level 5 in Long Blades
  1322 | D:3      | Reached XP level 5. HP: 27/46 MP: 4/4
  1706 | D:3      | Found a basalt altar of Yredelemnul.
  1941 | D:3      | Found a glowing golden altar of the Shining One.
  1944 | D:3      | Became a worshipper of the Shining One
  1961 | D:4      | Found a sparkling altar of Nemelex Xobeh.
  2093 | D:4      | Noticed an ogre
  2100 | D:4      | Killed an ogre
  2371 | D:4      | Reached XP level 6. HP: 53/53 MP: 5/5
  2377 | D:4      | Reached skill level 5 in Shields
  2402 | D:4      | Reached skill level 6 in Long Blades
  2429 | D:4      | Found an opulent altar of Gozag.
  3057 | D:5      | Entered Level 5 of the Dungeon
  3063 | D:5      | Noticed Menkaure
  3066 | D:5      | Found a staircase to the Ecumenical Temple.
  3305 | D:5      | The Shining One protects you from harm!
  3311 | D:4      | Killed Menkaure
  3311 | D:4      | Reached skill level 5 in Armour
  3311 | D:4      | Reached XP level 7. HP: 19/60 MP: 6/6
  3518 | D:5      | Reached skill level 7 in Long Blades
  3538 | D:5      | Acquired the Shining One's first power
  3652 | D:5      | Found a blossoming altar of Fedhas.
  3653 | D:5      | Found a stormy altar of Qazlal.
  3662 | D:5      | Reached skill level 5 in Fighting
  4082 | D:6      | Gained mutation: You can spit weak poison. [potion of mutation]
  4082 | D:6      | Gained mutation: You are agile. (Dex +2) [potion of mutation]
  4083 | D:6      | Gained mutation: Your muscles are strong. (Str +2) [potion of mutation]
  4083 | D:6      | Gained mutation: You expend magic power (3 MP) to strengthen your wands. [potion of mutation]
  4246 | D:6      | Reached XP level 8. HP: 69/69 MP: 7/7
  4714 | D:6      | Reached skill level 8 in Long Blades
  5711 | D:7      | Found a white marble altar of Elyvilon.
  6129 | D:7      | Got a scorched long sword
  6130 | D:7      | Identified the +10 long sword of the Tiger {speed, MR+} (You found it on level 7 of the Dungeon)
  6342 | D:8      | Found Locur's Assorted Antiques.
  6372 | D:8      | Noticed Psyche
  6373 | D:8      | Reached skill level 9 in Long Blades
  6382 | D:8      | Killed Psyche
  6406 | D:8      | Reached XP level 9. HP: 37/75 MP: 8/8
  6763 | D:8      | Acquired the Shining One's second power
  6810 | D:8      | Found Vetips's Assorted Antiques.
  6883 | D:8      | Found a deep blue altar of Sif Muna.
  6885 | D:8      | Found a shimmering altar of Xom.
  6886 | D:8      | Found an opulent altar of Gozag.
  6945 | D:8      | Reached skill level 10 in Long Blades
  7414 | D:9      | Found a bloodstained altar of Trog.
  7415 | D:9      | Noticed a hill giant
  7432 | D:9      | Killed a hill giant
  7611 | D:9      | Reached skill level 11 in Long Blades
  7633 | D:9      | Reached XP level 10. HP: 35/86 MP: 9/9
  7641 | D:9      | Found a staircase to the Lair.
  8062 | D:10     | Entered Level 10 of the Dungeon
  8265 | D:10     | Noticed a hill giant
  8272 | D:10     | Killed a hill giant
  8272 | D:10     | Reached skill level 12 in Long Blades
  8452 | D:10     | Found Gavavan's Distillery.
  8459 | D:10     | Bought a potion of heal wounds for 85 gold pieces
  8459 | D:10     | Bought a potion of heal wounds for 85 gold pieces
  8459 | D:10     | Bought a potion of heal wounds for 85 gold pieces
  8582 | D:10     | Noticed a hill giant
  8594 | D:10     | Killed a hill giant
  8594 | D:10     | Reached skill level 13 in Long Blades
  8938 | D:10     | Noticed an ice dragon
  8952 | D:10     | Killed an ice dragon
  9364 | D:11     | Noticed a hill giant
  9371 | D:11     | Killed a hill giant
  9371 | D:11     | Reached XP level 11. HP: 97/97 MP: 10/10
  9987 | D:11     | Found a staircase to the Orcish Mines.
 10038 | Orc:1    | Entered Level 1 of the Orcish Mines
 10260 | Orc:2    | Found Peanuhui's Jewellery Shop.
 10264 | Orc:2    | Reached skill level 10 in Armour
 10265 | Orc:2    | Found Detzar's Magic Scroll Shop.
 10265 | Orc:2    | Noticed Nergalle
 10296 | Orc:2    | Noticed a spectral orc warlord
 10569 | Orc:2    | Noticed a spectral orc warlord
 10807 | D:12     | Noticed an unseen horror
 10813 | D:12     | Killed an unseen horror
 10813 | D:12     | Reached skill level 10 in Shields
 10882 | D:12     | Identified Wuus's Tome of Aid
 11426 | D:13     | Reached skill level 10 in Fighting
 11588 | D:13     | Acquired the Shining One's third power
 11601 | D:13     | Noticed Kirke
 11620 | D:13     | Killed Kirke
 11736 | D:13     | Found Jookil's Jewellery Shoppe.
 12062 | D:13     | Reached skill level 14 in Long Blades
 12341 | D:13     | Reached XP level 12. HP: 108/108 MP: 11/11
 12631 | D:14     | Found a gate to the Vaults.
 12631 | D:14     | Noticed a vault guard
 12631 | D:14     | Noticed a vault guard
 12631 | D:14     | Noticed a vault guard
 12632 | D:14     | Noticed a centaur warrior
 12632 | D:14     | Noticed a vault guard
 12652 | D:14     | Killed a vault guard
 12665 | D:14     | Killed a vault guard
 13193 | D:14     | Killed a vault guard
 13248 | D:14     | Killed a centaur warrior
 13265 | D:14     | Killed a vault guard
 13550 | D:14     | Found a stormy altar of Qazlal.
 13936 | D:14     | Acquired the Shining One's fourth power
 14037 | D:14     | Reached skill level 15 in Long Blades
 14088 | D:15     | Entered Level 15 of the Dungeon
 14163 | D:15     | Reached XP level 13. HP: 119/119 MP: 12/12
 14187 | D:15     | Found Usiom's Assorted Antiques.
 14292 | D:15     | Found a white marble altar of Elyvilon.
 14362 | D:15     | Found Zowasyj's Antique Armour Shoppe.
 14416 | D:15     | Found Wischopp's General Store.
 14417 | D:15     | Found Vogor's Armour Emporium.
 14946 | Orc:2    | Killed Nergalle
 15027 | Orc:2    | Bought a scroll of identify for 30 gold pieces
 15027 | Orc:2    | Bought a scroll of identify for 30 gold pieces
 15040 | Orc:2    | Reached skill level 1 in Dodging
 15158 | Orc:3    | Found a flagged portal.
 15174 | Bailey   | Entered a bailey
 15438 | Bailey   | Noticed an orc warlord
 15470 | Bailey   | Killed an orc warlord
 15829 | Orc:3    | Found Ulamy's Quality Used Wands.
 16184 | Orc:3    | Found a staircase to the Elven Halls.
 16385 | Elf:1    | Entered Level 1 of the Elven Halls
 16455 | Elf:1    | Gained mutation: You are partially covered in icy blue scales (AC +1). [potion of beneficial mutation]
 16456 | Elf:1    | Gained mutation: Your flesh is cold resistant. [potion of beneficial mutation]
 16487 | Elf:1    | Found Atzoikk's Jewellery Shop.
 16501 | Elf:1    | Identified a scroll of acquirement
 16504 | Elf:1    | Got a pair of twisted gloves
 16510 | Elf:1    | Identified the -3 pair of gloves of Valour {rF++ Str-5} (You acquired it on level 1 of the Elven Halls)
 16724 | Elf:1    | Reached skill level 5 in Dodging
 16735 | Elf:1    | Noticed a deep elf demonologist
 16768 | Elf:1    | Noticed a Shadow Fiend
 16776 | Elf:1    | Noticed a cacodemon
 16807 | Elf:1    | Noticed a reaper
 17247 | Elf:1    | Killed a deep elf demonologist
 17360 | Elf:1    | Identified the Catalogue of the Magi (You found it on level 1 of the Elven Halls)
 17378 | Elf:1    | Noticed Donald
 17397 | Elf:1    | Killed Donald
 17397 | Elf:1    | Reached XP level 14. HP: 61/130 MP: 13/13
 17869 | Orc:4    | Entered Level 4 of the Orcish Mines
 18368 | Orc:4    | Found Ijiydamm's Food Shop.
 18368 | Orc:4    | Found Ehugh's Distillery.
 18809 | Orc:4    | Found Cil Jerph's General Store.
 18809 | Orc:4    | Found Giacuph's Magic Scroll Shoppe.
 19162 | Elf:2    | Found a runed gate.
 19162 | Elf:2    | Found a runed gate.
 19163 | Elf:2    | Found a runed gate.
 19211 | Elf:2    | Reached skill level 15 in Shields
 19300 | Elf:2    | Reached skill level 16 in Long Blades
 19638 | Elf:2    | Noticed a deep elf blademaster
 19649 | Elf:2    | Killed a deep elf blademaster
 20023 | Elf:2    | Noticed Asterion
 20044 | Elf:2    | Killed Asterion
 20374 | Elf:2    | Reached XP level 15. HP: 99/139 MP: 14/14
 20653 | Elf:2    | Reached skill level 15 in Fighting
 21362 | Elf:3    | Entered Level 3 of the Elven Halls
 21528 | Elf:3    | Noticed a Brimstone Fiend
 21529 | Elf:3    | Noticed a deep elf master archer
 21881 | Elf:3    | Found Kofoh's Antique Armour Emporium.
 21889 | Elf:3    | Bought a glowing cloak for 171 gold pieces
 21975 | Elf:3    | Found Giaweeka's Distillery.
 22015 | Elf:3    | Got a fine wooden ring
 22449 | Elf:3    | Noticed a deep elf blademaster
 22460 | Elf:3    | Reached skill level 17 in Shields
 22919 | Elf:3    | Killed a deep elf master archer
 22997 | Elf:3    | Noticed a deep elf blademaster
 23024 | Elf:3    | Killed a deep elf blademaster
 23037 | Elf:3    | Killed a deep elf blademaster
 23076 | Elf:3    | HP: 7/147 [acid (9)]
 23750 | Elf:3    | Noticed a deep elf master archer
 23762 | Elf:3    | Reached XP level 16. HP: 155/155 MP: 15/15
 23794 | Elf:3    | Killed a deep elf master archer
 24044 | Elf:3    | Identified an uncursed eudemon blade of holy wrath {god gift} (a demon blade of venom blessed by the Shining One)
 24044 | Elf:3    | Received a gift from the Shining One
 24069 | Elf:3    | Identified the ring of Light {rF+ Stlth+} (You took it off a deep elf priest on level 3 of the Elven Halls)
 24156 | Elf:3    | Got a translucent plate armour
 24167 | Elf:3    | Identified the +7 plate armour of Truth {+Inv rElec rN+ Str-3} (You found it on level 3 of the Elven Halls)
 24168 | Elf:3    | Got an ancient chain mail
 24231 | Elf:3    | Learned a level 7 spell: Controlled Blink
 24234 | Elf:3    | Learned a level 1 spell: Apportation
 24242 | Elf:3    | Learned a level 6 spell: Invisibility
 24266 | Elf:3    | Identified the +0 chain mail "Irocaira" {rC+ rN+} (You found it on level 3 of the Elven Halls)
 24684 | Elf:3    | Reached skill level 1 in Evocations
 24882 | Orc:2    | Found Xuzaimejiv's Antique Armour Emporium.
 24887 | Orc:2    | Found Zaibrori's Assorted Antiques.
 24904 | Orc:2    | Reached skill level 1 in Spellcasting
 24904 | Orc:2    | Reached skill level 1 in Translocations
 24930 | Orc:2    | Bought a smoking storm dragon armour for 1955 gold pieces
 24940 | Orc:2    | Identified the +4 storm dragon armour of the Komodo Dragon {rElec Str+4 Int+2 Dex+2 Stlth-} (You bought it in a shop on level 2 of the Orcish Mines)
 25010 | Orc:1    | Noticed Urug
 25021 | Orc:1    | Killed Urug
 25657 | Lair:1   | Entered Level 1 of the Lair of Beasts
 26776 | Lair:2   | Got a pair of ancient gloves
 26791 | Lair:2   | Identified the cursed +0 pair of gloves of Gozag's Envy {rF+ rC+ Dex+3} (You found it on level 2 of the Lair of Beasts)
 27256 | Lair:3   | Found a staircase to the Snake Pit.
 27273 | Snake:1  | Entered Level 1 of the Snake Pit
 27564 | Snake:1  | Reached skill level 18 in Shields
 28153 | Lair:3   | Noticed Rupert
 28164 | Lair:3   | Killed Rupert
 28766 | Lair:4   | Found a bloodstained altar of Trog.
 29065 | Lair:4   | Found a staircase to the Shoals.
 30566 | Lair:6   | Reached XP level 17. HP: 137/165 MP: 20/20
 31167 | Lair:7   | Learned a level 7 spell: Summon Hydra
 31351 | Lair:7   | Noticed Josephine
 31365 | Lair:7   | Killed Josephine
 31627 | Lair:7   | Noticed Maud
 31641 | Lair:7   | Killed Maud
 31885 | Lair:8   | Entered Level 8 of the Lair of Beasts
 32145 | Lair:8   | Reached skill level 1 in Summonings
 32246 | Lair:8   | Found a viscous altar of Jiyva.
 32246 | Lair:8   | Found a staircase to the Slime Pits.
 33078 | Slime:1  | Entered Level 1 of the Pits of Slime
 33734 | Slime:3  | You fall through a shaft!
 34063 | Slime:5  | Lost mutation: Your muscles are strong. (Str +2) [a shining eye]
 34065 | Slime:5  | Gained mutation: You are occasionally teleported to nearby monsters. [a shining eye]
 34074 | Slime:4  | HP: 7/166 [titanic slime creature (60)]
 34075 | Slime:4  | Annihilated by a titanic slime creature

Vault maps used:
D:1:      minmay_arrival_diagonal_passages
D:2:      nicolae_overflow_crystal_walls,
          nicolae_dithmenos_through_a_glass_darkly, lemuel_round_altar,
          first_bread, grunt_decor_cap, grunt_ministairs_1,
          hangedman_decor_clover_reticule
D:3:      vehumet_crystals, lemuel_doored_altar, tso_oasis_becter
D:4:      nemelex_xobeh_ov_fountains_minmay, grunt_gozag_statues
D:5:      grunt_temple_overflow_forces_of_nature, minmay_temple_entry_grid,
          uniq_menkaure
D:6:      black_bear_nest_2
D:7:      statuecave_lemuel, basic_altar, minmay_misc_feat_chi
D:8:      grunt_temple_overflow_open, serial_shops, nicolae_shop_waterfront,
          shop_fountains, uniq_psyche
D:9:      old_standard_altar, minmay_lair_entry_grove
D:10:     minmay_ornate_pinched, serial_shops, shop, grunt_livestock,
          minmay_three_doors
D:11:     orc_0_dummy
D:13:     serial_shops, kennysheep_little_box, uniq_kirke
D:14:     lightli_vaults_fourway_checkpoint, serial_bayou_pond_d,
          lemuel_centaur_altar
D:15:     hangedman_depths_entry_try_elsewhere_first, elyvilon_altar_3,
          serial_shops, nicolae_shop_trees,
          nicolae_shop_temple_entry_statues_fountains, shop, shop, minivault_13
Lair:1:   guppyfry_lair_drakes
Lair:2:   beast_lair_carwin_9
Lair:3:   cheibrodos_magma_flow, minmay_snake_entry_guardpost_small,
          lab_entry_generic, nicolae_quartered_pool_super, minmay_holes,
          serial_bayou_lake_a, uniq_rupert
Lair:4:   minmay_shoals_entry_lonely_mermaid, basic_altar
Lair:5:   cheibrodos_lair_caveside_slide
Lair:6:   eino_small_chamber_without_monster, lemuel_fruit_fields,
          lemuel_fruit_tree
Lair:7:   uniq_josephine, uniq_maud
Lair:8:   minmay_lair_end_enchanted_forest, slime_altar_1, grunt_megastairs_2
Snake:1:  st_stairs_13
Slime:2:  cheibrodos_slime_lost_civilization_7
Slime:3:  uniq_dissolution
Slime:4:  hangedman_slime_tunnels
Orc:1:    uniq_urug
Orc:2:    serial_shops, nicolae_shop_stone, nicolae_shop_trees, shop, shop,
          uniq_nergalle
Orc:3:    enter_bailey_1, serial_shops, nicolae_orc_pool_cavern,
          nicolae_orc_rockfall, nicolae_for_you_no_charge
Orc:4:    grunt_orc_tribal_feast
Elf:1:    minmay_elf_arrival_circle, serial_shops, shop, minmay_elf_demonology,
          uniq_donald
Elf:2:    serial_sigils, serial_sigils_hangedman_scratch,
          serial_sigils_hangedman_carve, serial_sigils_hangedman_scar,
          uniq_asterion
Elf:3:    minmay_elf_hall_dome, serial_shops, nicolae_shop_statue_plus,
          nicolae_shop_competitors_out_of_business
Bailey:   bailey_axe_minmay_hex_keep, bailey

Action                   |  1- 3 |  4- 6 |  7- 9 | 10-12 | 13-15 | 16-18 || total
-------------------------+-------+-------+-------+-------+-------+-------++-------
Melee: Long sword        |    99 |   171 |   216 |   596 |  1228 |   635 ||  2945
       Eudemon blade     |       |       |       |       |       |   542 ||   542
Invok: Brand Weapon With |       |       |       |       |       |     1 ||     1
  Use: Potion            |       |     3 |     5 |     3 |     6 |     1 ||    18
       Scroll            |       |       |    16 |     7 |    19 |     8 ||    50
 Stab: Distracted        |       |       |       |     1 |       |       ||     1
  Eat: Chunk             |       |     2 |     3 |     8 |    15 |     6 ||    34
       Meat ration       |       |     1 |     1 |       |     2 |       ||     4
       Bread ration      |       |       |     1 |     2 |     1 |     5 ||     9
       Pizza             |       |       |     1 |     3 |     2 |       ||     6
       Beef jerky        |       |       |     1 |       |       |       ||     1
       Fruit             |       |       |       |       |       |     4 ||     4
